 Dungeon Crawl Stone Soup version 0.24.0 (webtiles) character file.

Game seed: 17040793323593214821, levelgen mode: deterministic

134 Ayyar the Poker (level 4, -2/34 HPs)
             Began as a Demonspawn Gladiator on Apr 4, 2020.
             Slain by Menkaure (20 damage)
             ... on level 4 of the Dungeon.
             The game lasted 00:10:52 (2641 turns).

Ayyar the Poker (Demonspawn Gladiator)              Turns: 2641, Time: 00:10:52

Health: -2/34      AC:  9    Str: 16    XL:     4   Next: 95%
Magic:  4/4        EV: 12    Int:  9    God:
Gold:   184        SH:  0    Dex: 14    Spells: 3/3 levels left

rFire    . . .     SeeInvis .   a - +0 trident
rCold    . . .     Gourm    .   (no shield)
rNeg     . . .     Faith    .   j - +0 ring mail
rPois    .         Spirit   .   (helmet restricted)
rElec    .         Reflect  .   g - +0 cloak
rCorr    .         Harm     .   (no gloves)
MR       .....                  v - +0 pair of boots
Stlth    +++.......             (no amulet)
HPRegen  0.11/turn              i - ring of stealth
MPRegen  0.09/turn              (no ring)

@: no status effects
A: horns 1, thin metallic scales 1, nightstalker 1
a: no special abilities


You were on level 4 of the Dungeon.
You were not hungry.

You visited 1 branch of the dungeon, and saw 4 of its levels.

You collected 184 gold pieces.

Inventory:

Hand Weapons
 a - a +0 trident (weapon)
Missiles
 d - 3 throwing nets
 n - 30 poisoned darts (quivered)
Armour
 g - a +0 cloak (worn)
 j - a +0 ring mail (worn)
 l - a +0 large shield
 v - a +0 pair of boots (worn)
Jewellery
 i - a ring of stealth (left hand)
Wands
 r - a wand of acid (5)
Scrolls
 b - 2 scrolls of remove curse {unknown}
 c - a scroll of amnesia {unknown}
 e - 7 scrolls of identify
 m - a scroll of blinking {unknown}
 t - a scroll of magic mapping {unknown}
Potions
 h - a potion of flight {unknown}
 k - a potion of lignification {unknown}
 o - a potion of heal wounds {unknown}
 q - a potion of brilliance {unknown}
 s - 2 potions of agility {unknown}
 u - a potion of might {unknown}
 w - a potion of degeneration {unknown}
 x - a potion of curing {unknown}
Comestibles
 f - 4 rations


   Skills:
 + Level 2.9 Fighting
 * Level 3.8 Polearms
 + Level 2.6 Throwing
 + Level 3.3 Dodging


You had 3 spell levels left.
You didn't know any spells.
Your spell library was empty.

Dungeon Overview and Level Annotations

Branches:
Dungeon (4/15)
 Temple: D:4-7

Altars:

Annotations:
D:4 Menkaure


Innate Abilities, Weirdness & Mutations

You have a pair of small horns on your head.
You are partially covered in thin metallic scales. (AC +2)
You are slightly more attuned to the shadows.


Message History

The hound skeleton is heavily damaged.
The hound skeleton barely misses you. The hound skeleton bites you.
You hit the hound skeleton. You headbutt the hound skeleton.
The hound skeleton is almost destroyed.
The hound skeleton closely misses you.
You barely miss the hound skeleton.
The hound skeleton is almost destroyed.
The hound skeleton bites you but does no damage.
You hit the hound skeleton.
You destroy the hound skeleton!
Menkaure mumbles some strange words.
Menkaure seems to speed up.
There is a stone staircase leading up here.
You hit Menkaure but do no damage.
Menkaure calls on the powers of darkness!
Your body is wracked with pain!
Sorry, you're not good enough to have a special ability.
You barely miss Menkaure. Menkaure hits you!!
Ouch! That really hurt!
You die...

.. ###.. ####....
#########.......
#.....#.......$.
#...............
####............#..
...##..............##..
......@............# .
..$....M..........## .
..................#
....###...<........#
...# #............# ...
#............# ..
#.............#
#.............#
#...).......)#


You could see Menkaure.

Vanquished Creatures
  A hound (D:3)
  A hound skeleton (D:4)
  Robin (D:1)
  2 adders
  3 worms
  A dart slug (D:1)
  3 leopard geckos
  6 bats
  4 giant cockroaches
  15 goblins
  6 hobgoblins
  3 jackals (D:1)
  2 frilled lizards
  7 kobolds
  4 rats
59 creatures vanquished.

Notes
Turn   | Place    | Note
-------+----------+-------------------------------------------
     0 | D:1      | Ayyar the Demonspawn Gladiator began the quest for the Orb.
     0 | D:1      | Reached XP level 1. HP: 16/16 MP: 1/1
   107 | D:1      | Gained mutation: You are partially covered in thin metallic
                  | scales. (AC +2) [demonic ancestry]
   107 | D:1      | Reached XP level 2. HP: 22/22 MP: 2/2
   600 | D:2      | Noticed Robin
   615 | D:2      | Gained mutation: You are slightly more attuned to the
                  | shadows. [demonic ancestry]
   615 | D:2      | Reached XP level 3. HP: 23/28 MP: 3/3
  1310 | D:1      | Killed Robin
  1310 | D:1      | Gained mutation: You have a pair of small horns on your
                  | head. [demonic ancestry]
  1310 | D:1      | Reached XP level 4. HP: 31/34 MP: 4/4
  2322 | D:4      | Noticed Menkaure
  2641 | D:4      | Slain by Menkaure

Levels and vault maps discovered:
D:1:      dpeg_arrival_boxes_within_box, layout_rooms, minmay_heptomino_l4
D:2:      layout_rooms, uniq_robin
D:3:      layout_rooms, first_ration
D:4:      layout_cave_pods, kiku_gazebo_pond_becter, temple_pool_b,
          serial_shops, shop_fountains, corexii_leaking_fountain,
          small_statue_intersection, uniq_menkaure
